 Dungeon Crawl Stone Soup version 0.28-a0-407-g69098e2f6d (console) character file.

Game seed: 7108379557734369664

6912 nht the Covert (level 11, 66/67 HPs)
             Began as an Octopode Fighter on Sept 5, 2021.
             Was an Initiate of Dithmenos.
             Quit the game on level 2 of the Lair of Beasts.
             The game lasted 00:23:12 (12512 turns).

nht the Covert (Octopode Fighter)                  Turns: 12512, Time: 00:23:13

Health: 66/67      AC:  3    Str: 17    XL:     11   Next: 7%
Magic:  11/11      EV: 37    Int: 10    God:    Dithmenos [......]
Gold:   261        SH:  8    Dex: 26    Spells: 10/10 levels left

rFire   + . .      SeeInvis .   q - +1 dagger (vamp)
rCold   + . .      Faith    .   b - +1 buckler
rNeg    + + .      Spirit   .   t - +2 hat
rPois   +          Reflect  .   j - amulet of the acrobat
rElec   +          Harm     .   s - ring of poison resistance
rCorr   +          Rampage  .   p - ring of Lugonu's Indignation {rElec rPois rF+ rN++ rCorr Dex+6}
Will    .....                   C - +6 ring of dexterity
Stlth   +++++++...              z - ring of protection from cold
HPRegen 0.21/turn               (no ring)
MPRegen 0.12/turn               (no ring)
                                (no ring)
                                (no ring)

@: acrobatic
A: almost no armour, amphibious, 8 rings, camouflage 1, gelatinous body 1,
(nimble swimmer 1), tentacles
a: Renounce Religion


You were on level 2 of the Lair of Beasts.
You worshipped Dithmenos.
Dithmenos was noncommittal.
You visited 3 branches of the dungeon, and saw 13 of its levels.
You also visited: Sewer and Ice Cave.

You collected 539 gold pieces.
You spent 278 gold pieces at shops.

Inventory:

Hand Weapons
 a - a +0 rapier
 c - a +1 dagger of distortion
 q - a +1 vampiric dagger (weapon)
Missiles
 y - 5 boomerangs of dispersal
 B - 3 javelins
 E - 22 poisoned darts (quivered)
Armour
 b - a +1 buckler (worn)
 t - a +2 hat (worn)
Jewellery
 i - an amulet of magic regeneration
 j - an amulet of the acrobat (around mantle)
 n - a ring of ice
 p - the ring of Lugonu's Indignation (right tentacle) {rElec rPois rF+ rN++ rCorr Dex+6}
   (You acquired it on level 8 of the Dungeon)

   [ring of dexterity]

   Dex:       It affects your dexterity (+6).
   rF:        It protects you from fire.
   rElec:     It insulates you from electricity.
   rPois:     It protects you from poison.
   rN:        It greatly protects you from negative energy.
   rCorr:     It protects you from acid and corrosion.
 s - a ring of poison resistance (left tentacle)
 w - an amulet of guardian spirit
 z - a ring of protection from cold (on tentacle)
 C - a +6 ring of dexterity (on tentacle)
Wands
 h - a wand of polymorph (9)
 u - a wand of mindburst (1)
Scrolls
 d - 7 scrolls of magic mapping
 e - 2 scrolls of enchant armour
 f - 8 scrolls of teleportation
 v - 2 scrolls of enchant weapon
 x - 2 scrolls of amnesia
 A - a scroll of vulnerability
 D - a scroll of immolation
 F - 2 scrolls of fog
Potions
 g - 6 potions of curing
 k - 7 potions of flight
 l - a potion of mutation
 m - 3 potions of heal wounds
 o - a potion of might
 r - a potion of cancellation
 G - 2 potions of lignification


   Skills:
 - Level 3.0 Fighting
 - Level 10.1 Short Blades
 + Level 9.7 Dodging
 - Level 12.2 Stealth
 - Level 5.0 Shields


You had 10 spell levels left.
You didn't know any spells.
Your spell library contained the following spells:

 Spells                   Type           Power      Damage    Failure   Level
 Apportation              Tloc           0%         N/A       36%         1
 Freeze                   Ice            0%         1d3       36%         1
 Magic Dart               Conj           0%         1d3       36%         1
 Searing Ray              Conj           0%         3d3       50%         2
 Slow                     Hex            0%         N/A       50%         2
 Confusing Touch          Hex            0%         N/A       75%         3
 Frozen Ramparts          Ice            0%         1d2       75%         3
 Gell's Gravitas          Tloc           0%         N/A       75%         3
 Ignite Poison            Fire/Tmut/Pois 0%         N/A       75%         3
 Lesser Beckoning         Tloc           0%         N/A       75%         3
 Mephitic Cloud           Conj/Pois/Air  0%         N/A       75%         3
 Teleport Other           Tloc           0%         N/A       75%         3
 Cause Fear               Hex            0%         N/A       98%         4
 Fulminant Prism          Conj/Hex       0%         3d6       98%         4
 Hailstorm                Conj/Ice       0%         3d3       98%         4
 Alistair's Intoxication  Tmut/Pois      0%         N/A       100%        5
 Freezing Cloud           Conj/Ice/Air   0%         6-21      100%        5
 Yara's Violent Unravell  Hex/Tmut       0%         3d3       100%        5
 Invisibility             Hex            0%         N/A       100%        6
 Dragon Form              Tmut           0%         N/A       100%        7
 Dragon's Call            Summ           0%         N/A       100%        9


Dungeon Overview and Level Annotations

Branches:
Dungeon (10/15)            Temple (1/1) D:7            Lair (2/6) D:8
  Sewer (visited)           IceCv (visited)
  Swamp: Lair:2-4    Shoals: Lair:2-4     Snake: Lair:2-4    Spider: Lair:2-4
    Orc: D:9-12

Altars:
Ashenzari
Cheibriados
Dithmenos
Elyvilon
Fedhas
Gozag
Hepliaklqana
Kikubaaqudgha
Makhleb
Nemelex Xobeh
Okawaru
Qazlal
Ru
Sif Muna
Trog
Uskayaw
Vehumet
Wu Jian
Xom
Yredelemnul
Zin
The Shining One

Shops:
D:1 (   D:5 ?   D:6 (   D:7 :

Annotations:
D:5 3 runed translucent doors, sobakacece's ghost, novice MiFi
D:9 1 runed translucent door, bmj180's ghost, journeyman DrCj


Innate Abilities, Weirdness & Mutations

You cannot wear most types of armour.
You are amphibious.
You can wear up to eight rings at the same time.
Your skin changes colour to match your surroundings (Stealth+).
Your rubbery body absorbs attacks. (AC +1, EV +1)
((You are camouflaged near water. (Stealth+)))
You have tentacles for arms and can constrict up to eight enemies at once.


Message History

The bullfrog is lightly wounded.
You throw a poisoned dart.
The poisoned dart barely misses the bullfrog.
You hit the bullfrog. You grab the bullfrog.
The bullfrog is moderately wounded.
You constrict the bullfrog. The bullfrog completely misses you.
You hit the bullfrog. You squeeze the bullfrog!
You kill the bullfrog!
Dithmenos accepts your kill.
No target in view!
E - 22 poisoned darts (gained 1)
E - 23 poisoned darts (gained 1)
E - 24 poisoned darts (gained 1)
E - 25 poisoned darts (gained 1)
A komodo dragon and a blink frog come into view.
The blink frog gives a loud, deep croak!
There are monsters nearby!
You throw a poisoned dart.
The poisoned dart barely misses the blink frog.
The komodo dragon hisses angrily.
The blink frog gives a loud, deep croak!
You hear a loud, deep croak!
A blink frog comes into view.
You throw a poisoned dart. The poisoned dart hits the blink frog.
The blink frog blinks!
You throw a poisoned dart.
The poisoned dart barely misses the blink frog.
The blink frog blinks! x2; The blink frog completely misses you.
You hit the blink frog. You grab the blink frog.
The blink frog is lightly wounded.
You constrict the blink frog, but do no damage.
The blink frog hits you.
The blink frog struggles to blink free from constriction.
You hit the blink frog but do no damage.
The blink frog is lightly wounded.
You constrict the blink frog. You hit the blink frog.
You feel better.
The blink frog is moderately wounded.
You constrict the blink frog.
The blink frog blinks free!
You block the komodo dragon's attack.
The blink frog blinks!
Are you sure you want to abandon this character and quit the game? (Confirm with "yes".)

█........P█ ██.......██
██....(..█ █........█
█........██ █
███.......P█
.█████.█P.....F..█
.................█
.................██
................P.█████P
...........§....@........
....<..........lF██████.█
................██
.............(..█
.████.███...F...█ ███
█.......█ .(..<.. .......
.. .


You could see a komodo dragon and 3 blink frogs.

Vanquished Creatures
  A black mamba (Lair:1)
  2 cane toads (Lair:1)
  Maggie (D:8)
  Psyche (D:8)
  A hornet (D:10)
  A wyvern (Lair:2)
  9 yaks
  Menkaure (D:7)
  5 water moccasins
  2 sky beasts
  A black bear (D:8)
  2 ice beasts
  A necrophage (D:5)
  2 ogres (D:5)
  2 centaurs
  3 wolves (Lair:2)
  2 phantoms
  3 bullfrogs
  A gnoll sergeant (D:4)
  A wyvern zombie (D:8)
  A scorpion (D:6)
  4 water moccasin zombies
  A water moccasin skeleton (D:7)
  4 wights
  2 howler monkeys
  A gnoll shaman (D:7)
  4 centaur zombies
  A jelly (D:6)
  A bullfrog skeleton (D:6)
  3 hounds (D:6)
  2 orc priests
  3 centaur skeletons
  An iguana (D:5)
  2 orc wizards
  6 adders
  7 gnolls
  2 howler monkey skeletons
  3 river rats (D:3)
  An ufetubus (D:4)
  An adder skeleton (D:4)
  5 worms
  5 dart slugs
  14 orcs
  10 ball pythons
  12 bats
  11 endoplasms
  7 giant cockroaches
  3 hobgoblins
  9 jackals
  3 quokkas
  5 frilled lizards
  3 goblins
  8 kobolds
  4 rats
191 creatures vanquished.

Notes
Turn   | Place    | Note
-------+----------+-------------------------------------------
     0 | D:1      | nht the Octopode Fighter began the quest for the Orb.
     0 | D:1      | Reached XP level 1. HP: 16/16 MP: 1/1
    23 | D:1      | Reached XP level 2. HP: 21/21 MP: 2/2
   218 | D:1      | Found Mathange's Weapon Shoppe.
   294 | D:1      | Reached XP level 3. HP: 21/26 MP: 3/3
   697 | D:1      | Found a faded altar of an unknown god.
  1009 | D:2      | Reached XP level 4. HP: 24/31 MP: 4/4
  1806 | D:3      | Found a glowing drain.
  1814 | D:3      | Reached skill level 5 in Short Blades
  1816 | D:3      | Reached XP level 5. HP: 27/36 MP: 5/5
  1829 | Sewer    | Entered a sewer
  2902 | D:3      | You fall into a shaft and drop 2 floors!
  2902 | D:5      | Entered Level 5 of the Dungeon
  2976 | D:5      | Reached XP level 6. HP: 42/42 MP: 6/6
  3016 | D:5      | Noticed an ice beast
  3019 | D:5      | Found a runed translucent gate.
  3023 | D:5      | Killed an ice beast
  3029 | D:5      | Found a runed translucent gate.
  3279 | D:5      | Found a basalt altar of Yredelemnul.
  3346 | D:5      | Found Nocivon's Magic Scroll Shoppe.
  3364 | D:5      | Reached XP level 7. HP: 26/46 MP: 7/7
  3368 | D:5      | Bought a scroll of teleportation for 39 gold pieces
  3368 | D:5      | Bought a scroll of fear for 45 gold pieces
  3368 | D:5      | Bought a scroll of teleportation for 39 gold pieces
  3368 | D:5      | Bought a scroll of teleportation for 39 gold pieces
  4188 | D:3      | Reached XP level 8. HP: 29/52 MP: 8/8
  5560 | D:5      | Found a runed translucent gate.
  5560 | D:5      | Noticed sobakacece's ghost (novice MiFi)
  5776 | D:5      | Reached skill level 10 in Short Blades
  5932 | D:5      | Bought a scroll of identify for 26 gold pieces
  5932 | D:5      | Bought a scroll of magic mapping for 45 gold pieces
  5932 | D:5      | Bought a scroll of magic mapping for 45 gold pieces
  5973 | D:6      | Reached skill level 1 in Stealth
  5979 | D:6      | Reached skill level 2 in Stealth
  5987 | D:6      | Reached skill level 3 in Stealth
  6210 | D:6      | Found Xonommod's Weapon Shoppe.
  6240 | D:6      | Reached skill level 4 in Stealth
  6280 | D:6      | Reached skill level 5 in Stealth
  6787 | D:6      | Reached skill level 6 in Stealth
  7105 | D:6      | Reached skill level 8 in Stealth
  7105 | D:6      | Reached XP level 9. HP: 19/56 MP: 9/9
  7343 | D:6      | Reached skill level 9 in Stealth
  7596 | D:7      | Reached skill level 10 in Stealth
  7929 | D:7      | Noticed Menkaure
  7932 | D:7      | Found Ohut's Book Shop.
  7978 | D:7      | Killed Menkaure
  7979 | D:7      | Reached skill level 11 in Stealth
  8676 | D:7      | Found a staircase to the Ecumenical Temple.
  8930 | Temple   | Entered the Ecumenical Temple
  9272 | Temple   | Became a worshipper of Dithmenos the Shadowed
  9505 | D:8      | Noticed Maggie
  9512 | D:8      | Killed Maggie
  9513 | D:8      | Reached skill level 12 in Stealth
  9517 | D:8      | Found the +3 salamander hide armour {Flames rF++ rC--}
  9638 | D:8      | Identified a scroll of acquirement
  9638 | D:8      | Acquired the ring of Lugonu's Indignation {rElec rPois rF+
                  | rN++ rCorr Dex+6}
  9639 | D:8      | nice ring
  9674 | D:8      | Reached XP level 10. HP: 61/63 MP: 10/10
  9716 | D:8      | Found a staircase to the Lair.
  9718 | D:8      | Noticed Psyche
  9727 | D:8      | Killed Psyche
  9733 | Lair:1   | Entered Level 1 of the Lair of Beasts
  9762 | Lair:1   | Found a frozen archway.
  9771 | IceCv    | Entered an ice cave
  9772 | IceCv    | bad idea
 10383 | D:9      | Noticed a green ugly thing
 10395 | D:9      | Noticed a boulder beetle
 10412 | D:9      | Found a runed translucent door.
 10412 | D:9      | Noticed bmj180's ghost (journeyman DrCj)
 10419 | D:10     | Entered Level 10 of the Dungeon
 10505 | D:10     | Reached skill level 5 in Dodging
 10529 | D:9      | Reached skill level 5 in Shields
 11121 | Lair:1   | Noticed a cane toad
 11128 | Lair:1   | Killed a cane toad
 11193 | Lair:1   | Noticed a black mamba
 11225 | Lair:1   | Killed a black mamba
 11866 | Lair:1   | Noticed a cane toad
 11873 | Lair:1   | Killed a cane toad
 12256 | Lair:2   | Reached XP level 11. HP: 63/67 MP: 11/11
 12512 | Lair:2   | Quit the game

Illustrated notes

█.█ █.. █.█ █.█████ ..█
█.██.. . █.█ ██.██.█ .██
█.█ █..██.█ ..█ █.█
█.███.█ █.█ █.█ █.█ █.█
█.█ █.█████.███.██ █.█
█............. █
██.███.██........██
█.███.@.██.██.██.█████
█.....█....██.█...█████
████Z=..█..............
█...██.███.█...████.
█.z.......?██.██.███...
█.(██.....█.██.██.......
█. ..█....█.█ █████... █
z...█..█... █...
......███...█ █...
.....█ ...█ █.█. ██..█
...█ ███.█.


Turn 9639 on D:8: nice ring ███ ██..█ █.∩.█ ██..█ █.@.█ █...█ █...█ Z5.██ ██.Z5
█..█ █.██ .. Turn 9772 on IceCv: bad idea

Levels and vault maps discovered:
D:1:      saegor_arrival_simple_a, layout_rooms,
          hellmonk_ecumenical_altar_leap_of_faith, serial_shops,
          nicolae_shop_temple_entry_statues_fountains
D:2:      layout_loops_ring, corexii_item_surrounded_by_moat
D:3:      layout_basic, portal_sewer_entry_b
D:4:      layout_rooms, grunt_ministairs_6, amcnicky_mini_pool_small,
          minivault_24, chequers_serial_rivers_marsh
D:5:      layout_gridville, mainiacjoe_overflow_concentric_impassable,
          serial_shops, shop, ebering_ghost_rock_garden, minivault_25
D:6:      layout_cave_pools, nicolae_take_the_stairs
D:7:      layout_rooms, minmay_temple_entry_offerings, serial_shops, shop,
          uniq_menkaure
D:8:      layout_loops_ring, lair_entry_dummy, minmay_misc_feat_chi,
          uniq_maggie, uniq_psyche
D:9:      layout_long_grid, hellmonk_ghost_big_iron, minivault_20
D:10:     layout_big_octagon, kennysheep_generic_room_2, uniq_grum, uniq_fannar
Temple:   compressed_dpeg_triangle_lava_temple
Lair:1:   layout_hall_layers, portal_ice_cave_entry_pillars_1, lemuel_fruit_tree
Lair:2:   layout_big_grid, grunt_megastairs_3

Skill      XL: |  1  2  3  4  5  6  7  8  9 10 |
---------------+-------------------------------+-----
Short Blades   | 3 4 5 6 7 9 10 | 10.1
Stealth        | 8 12 | 12.2
Dodging        | 9 |  9.7
Shields        | 5 |  5.0
Fighting       | |  3.0

Action                   |  1- 3 |  4- 6 |  7- 9 | 10-12 || total
-------------------------+-------+-------+-------+-------++-------
Melee: Rapier            |    62 |   138 |   116 |       ||   316
       Constrict         |    16 |    29 |    33 |    11 ||    89
       Tentacles         |     9 |    27 |    81 |    87 ||   204
       Dagger            |       |       |   222 |   202 ||   424
Throw: Javelin           |       |       |    20 |       ||    20
       Dart              |       |       |       |     7 ||     7
Evoke: Wand              |       |       |     1 |    17 ||    18
  Use: Scroll            |       |     7 |     8 |     5 ||    20
       Potion            |       |       |     3 |     2 ||     5
 Stab: Sleeping          |     3 |    11 |    10 |     5 ||    29
       Distracted        |       |       |     1 |       ||     1
       Paralysed         |       |       |     1 |       ||     1
Armor: Skin              |     2 |     6 |    27 |     6 ||    41
Dodge: Dodged            |    31 |    79 |   124 |   101 ||   335
Block: Buckler           |    13 |    22 |    68 |    59 ||   162

Table legend: (Time is in decaauts)
 A = Elapsed time spent in this place.
 B = Non-inter-level travel time spent in this place.
 C = Inter-level travel time spent in this place.
 D = Time resting spent in this place.
 E = Time spent auto-exploring this place.
 F = Levels seen in this place.
 G = Mean time per level.
                   A        B        C        D        E       F      G
               +--------+--------+--------+--------+--------+-----+--------+
         Total |  12279 |  11706 |    573 |    860 |   8869 |  15 |  818.6 |
       Dungeon |   9561 |   9117 |    444 |    860 |   6793 |  10 |  956.1 |
        Temple |    349 |    332 |     17 |      0 |    317 |   1 |  349.0 |
          Lair |   1686 |   1574 |    112 |      0 |   1226 |   2 |  843.0 |
         Sewer |    677 |    677 |      0 |      0 |    533 |   1 |  677.0 |
      Ice Cave |      3 |      3 |      0 |      0 |      0 |   1 |    3.0 |
               +--------+--------+--------+--------+--------+-----+--------+

Top non-repeatable levels by time:
     D:5: 1746 daAuts
  Lair:1: 1418 daAuts
     D:6: 1392 daAuts
     D:8: 1207 daAuts
     D:7: 1130 daAuts
     D:4: 1093 daAuts
     D:2: 1044 daAuts
     D:3: 973 daAuts
     D:1: 755 daAuts
   Sewer: 677 daAuts
  Temple: 349 daAuts
  Lair:2: 267 daAuts
     D:9: 206 daAuts
    D:10: 12 daAuts
   IceCv: 3 daAuts
